[Event "Titled Tuesday Blitz March 15 Early 2022"]
[White "Lazavik, Denis"]
[Black "Postny, Evgeny"]
[WhiteFideId "13515110"]
[BlackFideId "2804344"]
[WhiteElo "2437"]
[BlackElo "2483"]
[Result "1/2-1/2"]
[Round "09"]
[TimeControl "180+1"]
[Date "2022.03.15"]
[WhiteClock "0:00:06"]
[BlackClock "0:00:10"]

1. d4 Nf6 2. c4 e6 3. g3 Bb4+ 4. Bd2 Bxd2+ 5. Qxd2 d5 6. Nf3 O-O 7. Bg2 c6 8. Qc2 b6 9. O-O Bb7 10. Nbd2 Nbd7 11. Rac1 Rc8 12. Rfd1 c5 13. Qa4 a6 14. Qa3 h6 15. dxc5 Nxc5 16. b4 Ncd7 17. cxd5 Nxd5 18. Rxc8 Qxc8 19. Rc1 Qa8 20. Nc4 N5f6 21. Qe3 Rc8 22. Nd6 Rxc1+ 23. Qxc1 Bd5 24. Qc7 a5 25. bxa5 bxa5 26. a4 Qb8 27. Qxb8+ Nxb8 28. Nd4 Nbd7 29. e4 Ba8 30. Nb3 Nb6 31. Nc5 Bc6 32. e5 Bxg2 33. Kxg2 Nfd7 34. Nxd7 Nxd7 35. Nc4 Nc5 36. Nxa5 Nxa4 37. f4 Nc5 38. Nc6 Kf8 39. Kf3 Ke8 40. g4 Kd7 1/2-1/2


[Site "https://www.chess.com"]

[Event "Titled Tuesday Blitz March 15 Early 2022"]
[White "Maltsevskaya, Aleksandra"]
[Black "Samunenkov, Ihor"]
[WhiteFideId "24174041"]
[BlackFideId "14187086"]
[WhiteElo "2241"]
[BlackElo "2409"]
[Result "0-1"]
[Round "09"]
[TimeControl "180+1"]
[Date "2022.03.15"]
[WhiteClock "0:00:02"]
[BlackClock "0:00:06"]

1. e4 c6 2. d4 d5 3. e5 c5 4. Nf3 cxd4 5. Nxd4 Nc6 6. Nxc6 bxc6 7. g3 e6 8. Nd2 Bc5 9. Nf3 Ne7 10. Bd3 a5 11. O-O Ba6 12. Kg2 Bxd3 13. Qxd3 Qb6 14. b3 Qa6 15. c4 Rd8 16. Bg5 h6 17. Bxe7 Bxe7 18. Rac1 O-O 19. Qc2 a4 20. Rfd1 axb3 21. axb3 Rb8 22. h4 Qa3 23. Rd3 Rb7 24. Nd4 Qa6 25. Rdd1 Qb6 26. c5 Qc7 27. f4 Ra8 28. Qe2 Ra5 29. f5 Bxc5 30. fxe6 Bxd4 31. exf7+ Qxf7 32. Rxd4 Qe6 33. Rf4 d4 34. Rxd4 Rxe5 35. Rd8+ Kh7 36. Qd3+ Qf5 37. Qc4 Qe6 38. Qc2+ Qf5 39. Qxf5+ Rxf5 40. Rxc6 Rxb3 41. Rd7 Rff3 42. Rcc7 Rxg3+ 43. Kf2 Rg4 44. h5 Rh3 45. Re7 Rxh5 46. Kf3 Rhg5 47. Rf7 Rg3+ 48. Kf4 R5g4+ 49. Kf5 Rg1 50. Ke5 R4g2 51. Ke4 Re1+ 52. Kf3 Rg5 53. Kf2 Ree5 54. Rfd7 Ref5+ 55. Ke3 h5 56. Ke4 Rf6 57. Re7 Kh6 58. Rc8 Rg1 59. Rh8+ Kg6 60. Rg8 Re1+ 61. Kd5 Rxe7 0-1


[Site "https://www.chess.com"]

[Event "Titled Tuesday Blitz March 15 Early 2022"]
[White "Matinian, Nikita"]
[Black "Jaskolka, Tomasz"]
[WhiteFideId "24129100"]
[BlackFideId "1170791"]
[WhiteElo "2422"]
[BlackElo "2073"]
[Result "1-0"]
[Round "09"]
[TimeControl "180+1"]
[Date "2022.03.15"]
[WhiteClock "0:01:57"]
[BlackClock "0:00:58"]

1. e4 e6 2. Nc3 d5 3. d4 Bb4 4. Ne2 dxe4 5. a3 Bxc3+ 6. Nxc3 Nf6 7. Bg5 h6 8. Bxf6 Qxf6 9. Nxe4 Qe7 10. Bd3 b6 11. Qf3 c6 12. O-O-O Bb7 13. h4 Nd7 14. Qg3 O-O 15. h5 Nf6 16. Rh4 Nxe4 17. Rxe4 Qg5+ 18. Qxg5 hxg5 19. Re5 f6 20. Rxe6 Rfe8 21. Rde1 Rxe6 22. Rxe6 Kf7 23. Re3 c5 24. Bg6+ Kf8 25. dxc5 Bxg2 26. cxb6 axb6 27. b4 Bd5 28. Kb2 Bf7 29. Bxf7 Kxf7 30. c4 Rh8 31. a4 Rxh5 32. c5 bxc5 33. b5 Rh4 34. b6 Rh8 35. a5 Rb8 36. Rb3 c4 37. Rb4 Ke6 38. a6 Kd6 39. a7 1-0


[Site "https://www.chess.com"]

[Event "Titled Tuesday Blitz March 15 Early 2022"]
[White "Mekhitarian, Krikor Sevag"]
[Black "Harikrishna, Pentala"]
[WhiteFideId "2107660"]
[BlackFideId "5007003"]
[WhiteElo "2598"]
[BlackElo "2574"]
[Result "0-1"]
[Round "09"]
[TimeControl "180+1"]
[Date "2022.03.15"]
[WhiteClock "0:00:04"]
[BlackClock "0:00:16"]

1. e4 e5 2. Nf3 Nc6 3. Bc4 Bc5 4. d3 Nf6 5. O-O d6 6. c3 h6 7. a4 a5 8. Nbd2 O-O 9. h3 Be6 10. Re1 Bxc4 11. Nxc4 Re8 12. Be3 Bxe3 13. Nxe3 Qd7 14. Qb3 b6 15. Rad1 Rad8 16. Qb5 Ne7 17. Qxd7 Rxd7 18. Nc4 Rdd8 19. Kf1 Nc6 20. Re2 Kf8 21. Rde1 Rd7 22. Rb1 d5 23. exd5 Rxd5 24. Rd1 g6 25. Red2 Red8 26. Ne3 R5d7 27. Nc4 Re7 28. Re1 Nd7 29. Rde2 f6 30. d4 exd4 31. Rxe7 Nxe7 32. Nxd4 Nc5 33. g4 Rd7 34. h4 Kf7 35. Ra1 h5 36. gxh5 gxh5 37. Nf5 Nxf5 38. Ke2 Nxh4 39. Rh1 Ng6 0-1


[Site "https://www.chess.com"]

[Event "Titled Tuesday Blitz March 15 Early 2022"]
[White "Miszler, Levente"]
[Black "Myshakov, Fyodor"]
[WhiteFideId "763276"]
[BlackFideId "14111284"]
[WhiteElo "1966"]
[BlackElo "2310"]
[Result "0-1"]
[Round "09"]
[TimeControl "180+1"]
[Date "2022.03.15"]
[WhiteClock "0:00:42"]
[BlackClock "0:00:33"]

1. Nf3 d5 2. e3 Nf6 3. c4 e6 4. b3 c6 5. Bb2 Be7 6. Qc2 O-O 7. Be2 b6 8. O-O Bb7 9. d4 Nbd7 10. Nbd2 Rc8 11. Rac1 c5 12. Qb1 cxd4 13. Nxd4 dxc4 14. Nxc4 Nc5 15. Rfd1 Qe8 16. Bf3 Nce4 17. a4 Bc5 18. Nb5 a6 19. Nbd6 Bxd6 20. Nxd6 Nxd6 21. Rxd6 Bxf3 22. gxf3 Nd5 23. e4 Nf4 24. Rxc8 Qxc8 25. Be5 Nh3+ 26. Kg2 Qc5 27. Qb2 f6 28. Kxh3 fxe5 29. Rd3 h6 30. Qc3 Qxf2 31. Rd7 Rxf3+ 0-1


[Site "https://www.chess.com"]

[Event "Titled Tuesday Blitz March 15 Early 2022"]
[White "Mitusov, Semen"]
[Black "Shtyka, Sergey"]
[WhiteFideId "14151049"]
[BlackFideId "4138465"]
[WhiteElo "2265"]
[BlackElo "2014"]
[Result "1-0"]
[Round "09"]
[TimeControl "180+1"]
[Date "2022.03.15"]
[WhiteClock "0:00:24"]
[BlackClock "0:00:23"]

1. e4 c5 2. c3 d5 3. exd5 Qxd5 4. d4 Nf6 5. Nf3 e6 6. Bd3 Be7 7. O-O O-O 8. Qe2 Nc6 9. Rd1 cxd4 10. cxd4 Rd8 11. Nc3 Qd6 12. Bg5 a6 13. Bh4 g6 14. Rac1 Nxd4 15. Nxd4 Qxd4 16. Ne4 Kg7 17. Bb1 Qb6 18. Qf3 e5 19. Nxf6 Rxd1+ 20. Rxd1 Bxf6 21. Bxf6+ Qxf6 22. Be4 Bf5 23. Bxb7 Rb8 24. b3 Qh4 25. h3 Qb4 26. Bxa6 Qb6 27. Bc4 Be6 28. Qc3 f6 29. Bxe6 Qxe6 30. Qc7+ 1-0


[Site "https://www.chess.com"]

[Event "Titled Tuesday Blitz March 15 Early 2022"]
[White "Moroni, Luca Jr"]
[Black "Csonka, Balazs"]
[WhiteFideId "865834"]
[BlackFideId "742910"]
[WhiteElo "2573"]
[BlackElo "2404"]
[Result "0-1"]
[Round "09"]
[TimeControl "180+1"]
[Date "2022.03.15"]
[WhiteClock "0:01:39"]
[BlackClock "0:00:09"]

1. e4 e6 2. d4 d5 3. Nc3 Nf6 4. exd5 exd5 5. Bd3 Be7 6. Nge2 O-O 7. Bg5 c6 8. Qd2 Nbd7 9. O-O-O b5 10. Rde1 Nb6 11. Ng3 a5 12. Qf4 Ra7 13. Qh4 h6 14. Bxh6 Ne4 15. Qh5 gxh6 16. Ncxe4 dxe4 17. Rxe4 Bf6 18. Rhe1 Bg7 19. h4 Nd5 20. c3 Nf6 21. Qf3 Nxe4 22. Qxe4 f5 23. Qxc6 Re7 24. Rd1 b4 25. Nh5 bxc3 26. bxc3 Rc7 27. Bc4+ Kh8 28. Qg6 Qe7 29. Qa6 Bxa6 30. Nf4 Bxc4 31. Ng6+ Kh7 32. Nxe7 Rxe7 33. Rd2 Rc8 34. Rc2 Rec7 35. f4 Bd5 36. Kd2 Bxd4 0-1


[Site "https://www.chess.com"]

[Event "Titled Tuesday Blitz March 15 Early 2022"]
[White "Nagy, Gabor"]
[Black "Jumabayev, Rinat"]
[WhiteFideId "737119"]
[BlackFideId "13702661"]
[WhiteElo "2534"]
[BlackElo "2561"]
[Result "0-1"]
[Round "09"]
[TimeControl "180+1"]
[Date "2022.03.15"]
[WhiteClock "0:00:36"]
[BlackClock "0:00:15"]

1. Nf3 Nf6 2. c4 e6 3. Nc3 d5 4. e3 c5 5. cxd5 exd5 6. Bb5+ Nc6 7. d4 Bd6 8. O-O O-O 9. dxc5 Bxc5 10. h3 Be6 11. b3 Rc8 12. Bb2 Qe7 13. Ne2 Ne4 14. Nf4 Rfd8 15. Nd4 Bxd4 16. Bxd4 Nxd4 17. Qxd4 Nc3 18. Bd3 Qc5 19. Rfe1 Qxd4 20. exd4 Rc6 21. Rac1 Nxa2 22. Ra1 Nb4 23. Rxa7 Rb6 24. Bb1 g6 25. g4 Kf8 26. Kg2 Re8 27. Kg3 Nc6 28. Ra4 Rxb3+ 29. f3 Bxg4 30. Rxe8+ Kxe8 31. hxg4 Rxb1 32. Nxd5 h6 33. Ra8+ Kd7 34. Rh8 Nxd4 35. Rh7 Rb3 36. Kf4 Nxf3 37. Nf6+ Ke6 38. Ne4 Ng5 39. Nxg5+ hxg5+ 40. Kxg5 Rb5+ 41. Kh6 Rb1 42. Kg5 b5 43. Rh2 f5 44. Re2+ Kd5 45. gxf5 gxf5 46. Kxf5 b4 47. Rd2+ Kc4 48. Rd8 b3 49. Ke4 Kc3 50. Ke3 Re1+ 51. Kf2 Re5 52. Rc8+ Kd2 53. Rb8 Kc2 54. Rc8+ Kb1 55. Kf3 b2 56. Kf4 Ra5 57. Ra8 Rxa8 0-1


[Site "https://www.chess.com"]

[Event "Titled Tuesday Blitz March 15 Early 2022"]
[White "Nenezic, Marko"]
[Black "Molina, Roberto Junio Brito"]
[WhiteFideId "912123"]
[BlackFideId "2109450"]
[WhiteElo "2457"]
[BlackElo "2432"]
[Result "1-0"]
[Round "09"]
[TimeControl "180+1"]
[Date "2022.03.15"]
[WhiteClock "0:00:57"]
[BlackClock "0:00:53"]

1. Nf3 d5 2. g3 Nf6 3. Bg2 e6 4. O-O Be7 5. d4 O-O 6. c4 dxc4 7. Na3 Bxa3 8. bxa3 b5 9. a4 a6 10. Ne5 Nd5 11. Ba3 Re8 12. e4 Nb6 13. a5 N6d7 14. Nxf7 Kxf7 15. e5 c6 16. Qh5+ Kg8 17. Be4 h6 18. Bg6 Rf8 19. Rfe1 c5 20. d5 Qxa5 21. dxe6 Qxa3 22. Bf7+ Kh8 23. e7 Nc6 24. exf8=Q+ Nxf8 25. e6 Nd4 26. e7 Nf3+ 27. Qxf3 1-0


[Site "https://www.chess.com"]

[Event "Titled Tuesday Blitz March 15 Early 2022"]
[White "Pajeken, Jakob Leon"]
[Black "Bettalli, Francesco"]
[WhiteFideId "12942839"]
[BlackFideId "2816453"]
[WhiteElo "2351"]
[BlackElo "2216"]
[Result "1-0"]
[Round "09"]
[TimeControl "180+1"]
[Date "2022.03.15"]
[WhiteClock "0:02:08"]
[BlackClock "0:02:41"]

1. d4 Nf6 2. Nf3 g6 3. g3 d5 4. Bg2 Bg7 5. c4 O-O 6. O-O dxc4 7. Na3 a6 8. Ne5 Nbd7 9. Nexc4 c5 10. dxc5 Nxc5 11. Qxd8 Rxd8 12. Nb6 Ra7 13. Be3 Nfe4 14. Bxe4 Nxe4 15. Nxc8 Bxb2 16. Bxa7 Bxa1 17. Nxe7+ Kf8 18. Nxg6+ hxg6 19. Rxa1 Rd2 20. Kf1 Nc3 21. Bc5+ Kg8 22. Bb4 Rxa2 23. Bxc3 Rxa1+ 24. Bxa1 b5 25. Bc3 f5 26. e4 Kf7 27. exf5 gxf5 28. Ke2 Ke6 29. Bb4 Kd5 30. Kd3 Ke6 31. Kd4 Kf7 32. Ke5 Kg8 33. Kxf5 Kh8 34. Ba5 Kg8 35. Nc2 Kh8 36. Nb4 Kg8 37. Nxa6 Kh8 38. Nc7 Kg8 39. Nxb5 Kh8 40. h4 Kg8 41. h5 Kh8 42. h6 Kg8 43. h7+ Kh8 44. Kf6 Kxh7 45. g4 Kh8 46. g5 Kh7 47. g6+ Kh8 48. g7+ Kg8 49. Kg5 Kxg7 50. f4 Kf7 51. f5 Kg7 52. f6+ Kf7 53. Kf5 Kg8 54. f7+ Kxf7 55. Nd4 Ke7 56. Ke5 Kd7 57. Kd5 Kc8 58. Kc6 Kb8 59. Nb5 Ka8 60. Bb6 Kb8 61. Nc7 Kc8 62. Ba7 Kd8 63. Nd5 Kc8 64. Ne7+ Kd8 65. Kd6 Ke8 66. Ke6 Kd8 67. Bb6+ Ke8 68. Ba5 Kf8 69. Nf5 Ke8 70. Ng7+ Kf8 71. Kf6 Kg8 72. Kg6 Kf8 73. Bb4+ Kg8 74. Nf5 Kh8 75. Bc5 Kg8 76. Nh6+ Kh8 1-0


[Site "https://www.chess.com"]

[Event "Titled Tuesday Blitz March 15 Early 2022"]
[White "Pakleza, Zbigniew"]
[Black "Hambleton, Aman"]
[WhiteFideId "1119290"]
[BlackFideId "2606577"]
[WhiteElo "2467"]
[BlackElo "2552"]
[Result "0-1"]
[Round "09"]
[TimeControl "180+1"]
[Date "2022.03.15"]
[WhiteClock "0:00:53"]
[BlackClock "0:00:05"]

1. e3 e5 2. Qe2 Qe7 3. Kd1 Kd8 4. Qe1 Qe8 5. Ne2 d5 6. Nbc3 Nf6 7. d4 Bd6 8. Bd2 c6 9. f3 h5 10. h4 Bf5 11. dxe5 Qxe5 12. Nd4 Bg6 13. Bd3 Nbd7 14. Bxg6 fxg6 15. Kc1 Kc7 16. a4 a5 17. Nce2 b6 18. Nf4 Qe8 19. Qg3 Nf8 20. Re1 Kb7 21. b3 Qf7 22. Kb2 Re8 23. Bc3 Rg8 24. Rad1 Bxf4 25. Qxf4 Ne6 26. Qg3 Nxd4 27. Bxd4 Re6 28. Qf2 c5 29. e4 cxd4 30. Qxd4 dxe4 31. fxe4 Rge8 32. e5 Ng4 33. Qe4+ Ka7 34. Qc4 Qb7 35. Rd5 Rxe5 36. Rexe5 Rxe5 37. Rd8 Re7 38. Qd3 Rc7 39. Qxg6 Ne5 40. Qxh5 Nc6 41. Rd2 Nb4 42. Qe2 Qc6 43. Qe3 Nxc2 44. Qf3 Qxf3 45. gxf3 Nb4 46. Rg2 Rf7 47. Rg3 Ka6 48. Kc3 Rf4 49. h5 Rf5 50. Kc4 Rxh5 51. Rxg7 Rf5 52. Rg3 Nc6 53. Kd3 b5 54. Ke4 Re5+ 55. Kf4 bxa4 56. bxa4 Rc5 57. Rg6 Kb6 58. Kg4 Rc4+ 59. f4 Kc5 60. Rg8 Rxa4 61. Kg5 Ra1 62. f5 Rg1+ 63. Kf4 Rxg8 0-1


[Site "https://www.chess.com"]

[Event "Titled Tuesday Blitz March 15 Early 2022"]
[White "Petrova, Irina"]
[Black "Butti, Enrique"]
[WhiteFideId "14124122"]
[BlackFideId "3700470"]
[WhiteElo "1993"]
[BlackElo "2080"]
[Result "1-0"]
[Round "09"]
[TimeControl "180+1"]
[Date "2022.03.15"]
[WhiteClock "0:02:34"]
[BlackClock "0:01:56"]

1. e4 c5 2. Nf3 d6 3. Bb5+ Bd7 4. Bxd7+ Qxd7 5. c4 e5 6. Nc3 Nc6 7. d3 f5 8. O-O Nf6 9. exf5 Qxf5 10. Ng5 h6 11. Nge4 Nxe4 12. dxe4 Qe6 13. Nd5 Rc8 14. f4 exf4 15. Bxf4 Be7 1-0


[Site "https://www.chess.com"]

[Event "Titled Tuesday Blitz March 15 Early 2022"]
[White "Popadic, Dragan"]
[Black "Bogumil, Tatiana"]
[WhiteFideId "913650"]
[BlackFideId "4110579"]
[WhiteElo "2222"]
[BlackElo "1761"]
[Result "1-0"]
[Round "09"]
[TimeControl "180+1"]
[Date "2022.03.15"]
[WhiteClock "0:00:50"]
[BlackClock "0:00:06"]

1. e4 e6 2. Nf3 d5 3. e5 c5 4. b4 b6 5. a3 d4 6. c3 dxc3 7. dxc3 Qxd1+ 8. Kxd1 Ba6 9. Be3 Bxf1 10. Rxf1 Nd7 11. Nbd2 f6 12. exf6 gxf6 13. Nc4 Rc8 14. b5 h5 15. Re1 Kf7 16. Kc2 Nh6 17. Bxh6 Rxh6 18. Rad1 Rc7 19. Rd2 Be7 20. Red1 Nf8 21. g3 e5 22. Nh4 Ke6 23. f4 Rh7 24. Re2 Rd7 25. Rde1 Rd5 26. fxe5 f5 27. Ng2 h4 28. Nf4+ 1-0


[Site "https://www.chess.com"]

[Event "Titled Tuesday Blitz March 15 Early 2022"]
[White "Pranav Anand"]
[Black "Khamzin, Olzhas"]
[WhiteFideId "46626786"]
[BlackFideId "13701690"]
[WhiteElo "2259"]
[BlackElo "2194"]
[Result "1-0"]
[Round "09"]
[TimeControl "180+1"]
[Date "2022.03.15"]
[WhiteClock "0:01:10"]
[BlackClock "0:00:27"]

1. Nf3 b6 2. g3 Bb7 3. Bg2 e6 4. O-O Be7 5. c4 d6 6. Nc3 Nd7 7. d4 c5 8. d5 e5 9. e4 Ngf6 10. Nh4 O-O 11. Nf5 Re8 12. Be3 Bf8 13. h3 a6 14. Qd2 Bc8 15. a4 Rb8 16. Kh2 Kh8 17. Rae1 g6 18. Nh6 Qe7 19. Bg5 Bxh6 20. Bxh6 Ng8 21. Be3 Kg7 22. f4 f6 23. h4 Nh6 24. Qd1 f5 25. exf5 gxf5 26. Bc1 e4 27. b3 Nf6 28. Bb2 Nhg4+ 29. Kg1 Kg8 30. Qa1 Nh5 31. Ne2 b5 32. Qc1 bxa4 33. Qc3 Ng7 34. bxa4 Bd7 35. Rb1 Bxa4 36. Ba1 Rb4 37. Bh3 Reb8 38. Rxb4 cxb4 39. Qd4 b3 40. Bxg4 fxg4 41. f5 Qe5 42. Qxe5 dxe5 43. Bxe5 Rb7 44. Bb2 Ne8 45. Nd4 Nd6 46. c5 Nc4 47. c6 Rf7 48. Bc3 b2 49. Rb1 e3 50. Bxb2 Nd2 51. Rc1 Nf3+ 52. Nxf3 gxf3 53. c7 f2+ 54. Kg2 Rxc7 55. Rxc7 Bb5 56. Rc1 f1=Q+ 57. Rxf1 Bxf1+ 58. Kxf1 Kf7 59. Ke2 a5 60. Kxe3 a4 61. g4 Ke7 62. Ba3+ Kd7 63. Kf4 Ke8 64. f6 Kf7 65. Kf5 h5 66. gxh5 Kg8 67. f7+ Kh7 68. Ke5 Kg7 69. f8=Q+ Kh7 70. Qf7+ Kh6 71. Qg6# 1-0


[Site "https://www.chess.com"]

[Event "Titled Tuesday Blitz March 15 Early 2022"]
[White "Prohorov, Olexandr"]
[Black "Spitzl, Vinzent"]
[WhiteFideId "14105578"]
[BlackFideId "12901253"]
[WhiteElo "1993"]
[BlackElo "2160"]
[Result "0-1"]
[Round "09"]
[TimeControl "180+1"]
[Date "2022.03.15"]
[WhiteClock "0:00:17"]
[BlackClock "0:00:08"]

1. Nf3 Nf6 2. c4 e6 3. Nc3 d5 4. e3 Be7 5. b3 b6 6. Bb2 Bb7 7. d4 O-O 8. Bd3 Nbd7 9. O-O c5 10. Qe2 Rc8 11. Rfd1 Qc7 12. Rac1 Qb8 13. cxd5 Nxd5 14. Bb1 N7f6 15. Ne5 Nxc3 16. Bxc3 cxd4 17. Bxd4 Rxc1 18. Rxc1 Rc8 19. Rxc8+ Qxc8 20. Qc2 Qxc2 21. Bxc2 Nd5 22. Kf1 f6 23. Nc4 Ba6 24. Ke1 Bxc4 25. bxc4 Nb4 26. Bb3 Bc5 27. Kd2 Kf7 28. Kc3 e5 29. Bxc5 bxc5 30. Ba4 Nxa2+ 31. Kb3 Nb4 32. Bd7 Ke7 33. Bf5 g6 34. Be4 f5 35. Bb1 Kd6 36. Ka4 Kc6 37. Ka5 e4 38. f3 Nd3 39. fxe4 fxe4 40. Ka6 Kd6 41. Kxa7 Nb2 42. Bxe4 Nxc4 43. Ka6 Ke5 44. Bd3 Nxe3 45. Kb5 Kd4 46. Be2 Nxg2 47. Bf3 Ne3 48. Be2 c4 49. Kb4 c3 50. h4 h6 51. Kb3 g5 52. hxg5 hxg5 53. Ka2 g4 54. Kb1 g3 55. Bf3 g2 56. Bxg2 Nxg2 57. Kc2 Kc4 58. Kc1 Kd3 59. Kd1 Ne3+ 60. Kc1 c2 61. Kb2 Kd2 0-1


[Site "https://www.chess.com"]

[Event "Titled Tuesday Blitz March 15 Early 2022"]
[White "Riehle, Marco"]
[Black "Szpar, Milosz"]
[WhiteFideId "12904392"]
[BlackFideId "1184989"]
[WhiteElo "2462"]
[BlackElo "2447"]
[Result "1-0"]
[Round "09"]
[TimeControl "180+1"]
[Date "2022.03.15"]
[WhiteClock "0:00:22"]
[BlackClock "0:00:20"]

1. e4 c5 2. a3 d6 3. b4 Nf6 4. Nc3 Nc6 5. Nf3 Bg4 6. Be2 e6 7. O-O Be7 8. b5 Bxf3 9. Bxf3 Nd4 10. Bb2 O-O 11. d3 a6 12. a4 axb5 13. Nxb5 Nxf3+ 14. Qxf3 d5 15. Rfe1 Kh8 16. h3 dxe4 17. dxe4 Qd7 18. c4 Qc6 19. Red1 Rfd8 20. Rxd8+ Rxd8 21. e5 Qxf3 22. gxf3 Nd7 23. a5 Nb8 24. Bc3 Kg8 25. Kf1 Kf8 26. Ke2 Ke8 27. Rb1 Kd7 28. Na7 Kc7 29. a6 b6 30. Nb5+ Kc6 31. Na7+ Kc7 32. Nb5+ Kc6 33. a7 Nd7 34. Rg1 g6 35. Rd1 Ra8 36. f4 h5 37. f3 Bf8 38. Be1 Be7 39. Bh4 Bf8 40. Bf6 Rc8 41. Kf2 Ra8 42. Kg3 Rc8 43. Kh4 Ra8 44. Kg5 Rc8 45. Kh4 Ra8 46. Kg3 Rc8 47. Bg5 Ra8 48. Kf2 Rc8 49. Ke3 Ra8 50. Bh4 Rc8 51. Bf6 Ra8 52. Ke4 Re8 53. Bh4 Rc8 54. Bf2 Be7 55. Be3 Re8 56. Ra1 f5+ 57. Kd3 Ra8 58. Ke2 Nf8 59. Rd1 Nd7 60. Bf2 g5 61. Bg3 g4 62. fxg4 hxg4 63. hxg4 fxg4 64. Rh1 Nf8 65. Rh8 Rd8 66. Rg8 Kb7 67. Rg7 Rd7 68. Rxg4 Ka8 69. Rg8 Kb7 70. Bf2 Ka8 71. Bh4 1-0


[Site "https://www.chess.com"]

[Event "Titled Tuesday Blitz March 15 Early 2022"]
[White "Rosen, Eric"]
[Black "Santos Ruiz, Miguel"]
[WhiteFideId "2032562"]
[BlackFideId "22291482"]
[WhiteElo "2362"]
[BlackElo "2486"]
[Result "1-0"]
[Round "09"]
[TimeControl "180+1"]
[Date "2022.03.15"]
[WhiteClock "0:00:10"]
[BlackClock "0:00:08"]

1. d4 Nf6 2. Bf4 c5 3. e3 Nd5 4. Bg3 Qb6 5. b3 cxd4 6. exd4 g6 7. c3 Bg7 8. Nf3 O-O 9. Be2 d6 10. O-O Nc6 11. Re1 Bd7 12. Bc4 Nf6 13. Nbd2 d5 14. Bd3 e6 15. Bd6 Rfc8 16. Bf4 Nh5 17. Be3 Qc7 18. Rc1 Be8 19. Bb1 b5 20. Nf1 a5 21. Qd2 a4 22. Bd3 axb3 23. axb3 Qb6 24. b4 Nf6 25. Qe2 Rcb8 26. Bf4 Rb7 27. Ra1 Rxa1 28. Rxa1 Ra7 29. Qb2 Ne4 30. N1d2 Nxd2 31. Nxd2 e5 32. dxe5 Nxe5 33. Re1 Re7 34. Bf1 Bf6 35. h3 Ng4 36. Nc4 dxc4 37. Rxe7 Bxe7 38. hxg4 Bf6 39. Qd2 Qe6 40. g5 Bg7 41. Be3 h5 42. Bd4 Bc6 43. Bxg7 Kxg7 44. Qd4+ Kf8 45. f3 Qd5 46. Qxd5 Bxd5 47. Kf2 Ke7 48. Ke3 Kd6 49. g3 Ke5 50. f4+ Kd6 51. Kd4 Bc6 52. Be2 Bd7 53. Bf3 Be8 54. Bd5 Bd7 55. Bxf7 Bf5 56. Bd5 Bd7 57. Be4 Be8 58. Bc2 Bf7 59. Be4 Be8 60. Bf3 Bf7 61. Be2 Be8 62. Bf1 Bf7 63. Bg2 Be8 64. Bd5 Bf7 65. Bxf7 1-0


[Site "https://www.chess.com"]

[Event "Titled Tuesday Blitz March 15 Early 2022"]
[White "Royal, Shreyas"]
[Black "Cramling Bellon, Anna"]
[WhiteFideId "448869"]
[BlackFideId "32009232"]
[WhiteElo "1986"]
[BlackElo "1905"]
[Result "1-0"]
[Round "09"]
[TimeControl "180+1"]
[Date "2022.03.15"]
[WhiteClock "0:01:24"]
[BlackClock "0:00:04"]

1. d4 Nf6 2. c4 e6 3. Nf3 d5 4. g3 Bb4+ 5. Bd2 Bd6 6. Nc3 c6 7. Qc2 Nbd7 8. e4 dxe4 9. Nxe4 Nxe4 10. Qxe4 Nf6 11. Qc2 O-O 12. Bg2 Re8 13. O-O c5 14. Bc3 Bd7 15. Rfd1 Qc7 16. dxc5 Bxc5 17. Bxf6 gxf6 18. Qe4 Bc6 19. Qh4 Qe7 20. Nd4 Bxg2 21. Kxg2 f5 22. Qh5 Qf6 23. Nb3 Bf8 24. Rd7 Re7 25. Rad1 Rae8 26. Nc5 Bg7 27. Rxe7 Qxe7 28. Rd7 Qf6 29. Rxb7 Rf8 30. Nd7 Qg6 31. Qxg6 fxg6 32. Nxf8 Bxf8 33. Rxa7 Bc5 34. Rc7 Bd6 35. Rb7 Be5 36. a4 Bd4 37. a5 e5 38. a6 e4 39. a7 Bxa7 40. Rxa7 e3 41. fxe3 1-0


[Site "https://www.chess.com"]

[Event "Titled Tuesday Blitz March 15 Early 2022"]
[White "Sanchez, Robert"]
[Black "Donchenko, Alexander"]
[WhiteFideId "2034360"]
[BlackFideId "24603295"]
[WhiteElo "2331"]
[BlackElo "2539"]
[Result "0-1"]
[Round "09"]
[TimeControl "180+1"]
[Date "2022.03.15"]
[WhiteClock "0:00:30"]
[BlackClock "0:01:04"]

1. e4 c6 2. d4 d5 3. e5 Bf5 4. Nf3 e6 5. Be2 Ne7 6. Nbd2 h6 7. Nb3 Nd7 8. O-O g5 9. c4 dxc4 10. Bxc4 Qc7 11. Be3 Bg7 12. Rc1 Rd8 13. Qe1 Nb6 14. Be2 Nbd5 15. Bd2 O-O 16. Nc5 Bg6 17. b4 Nf5 18. h3 b6 19. Nb3 Qb7 20. a4 Rc8 21. Bc4 Rfd8 22. Qe2 Bf8 23. Ba6 Qb8 24. Bxc8 Rxc8 25. b5 Qb7 26. bxc6 Rxc6 27. Qb5 Rxc1 28. Rxc1 Nfe7 29. Nc5 Qa8 30. Nd7 Bg7 31. a5 Be4 32. axb6 axb6 33. Nxb6 Nxb6 34. Qxb6 Bxf3 35. gxf3 Nf5 36. Qc6 Qxc6 37. Rxc6 Nxd4 38. Rc8+ Kh7 39. Kg2 Bxe5 40. Bc3 Bg7 41. Ba1 Ne2 42. Bxg7 Kxg7 43. Rc7 Kg6 44. Ra7 h5 45. Ra4 h4 46. Ra6 Kf5 47. Ra5+ Kf6 48. Ra6 Nf4+ 49. Kh2 Kf5 50. Ra5+ Nd5 51. Kg2 f6 52. Rb5 Kg6 53. Rc5 Nf4+ 54. Kh2 e5 55. Rc6 Kf5 56. Ra6 Ne6 57. Ra4 Nd4 58. Kg2 Kf4 59. Ra6 Kf5 60. Ra4 Ne2 61. Ra6 Nc1 62. Rc6 Nd3 63. Ra6 Ne1+ 64. Kf1 Nxf3 65. Ke2 Ng1+ 0-1


[Site "https://www.chess.com"]

[Event "Titled Tuesday Blitz March 15 Early 2022"]
[White "Secer, Ata"]
[Black "Pourkashiyan, Atousa"]
[WhiteFideId "6303293"]
[BlackFideId "12502014"]
[WhiteElo "2282"]
[BlackElo "2247"]
[Result "1-0"]
[Round "09"]
[TimeControl "180+1"]
[Date "2022.03.15"]
[WhiteClock "0:00:09"]
[BlackClock "0:00:06"]

1. e4 e5 2. Nf3 Nf6 3. Nxe5 d6 4. Nf3 Nxe4 5. Nc3 Nxc3 6. dxc3 Be7 7. Bf4 Nd7 8. Qd2 Nc5 9. O-O-O O-O 10. Be3 Ne4 11. Qd4 Bf5 12. g4 Bg6 13. h4 Bf6 14. Qb4 a5 15. Qxb7 Rb8 16. Qc6 Rxb2 17. Kxb2 Nxc3 18. Rd4 Be4 19. Rxe4 Nxe4+ 20. Kc1 Nc3 21. Bd3 Qb8 22. Kd2 Nxa2 23. Qc4 d5 24. Qxa2 Qb4+ 25. Ke2 c5 26. Rb1 Qc3 27. Qb3 Qxb3 28. cxb3 d4 29. Bf4 Re8+ 30. Kd2 h6 31. g5 hxg5 32. hxg5 Bd8 33. Re1 Rf8 34. Bc4 Kh7 35. Kd3 Kg6 36. Re5 Bc7 37. Re4 f5 38. gxf6 Bxf4 39. Rxf4 gxf6 40. Ne5+ Kg5 41. Rf3 Rb8 42. Nd7 Rb7 43. Nxc5 Rb4 44. Ne6+ Kg6 45. Rg3+ Kf5 46. Nxd4+ Kf4 47. Nc6 Rb6 48. Nxa5 Rd6+ 49. Kc3 Rd8 50. Rd3 Rh8 51. Nc6 Rh1 52. f3 Rc1+ 53. Kb4 Rf1 54. Nd4 Ra1 55. Ne6+ Ke5 56. Re3+ Kd6 57. Kc3 Rd1 58. Rd3+ Rxd3+ 59. Kxd3 Ke5 60. Ke3 f5 61. f4+ Kd6 62. Ng5 Kc5 63. Nf3 Kb4 64. Nd4 Kc3 65. Nxf5 1-0


[Site "https://www.chess.com"]